 Dungeon Crawl Stone Soup version 0.20.1-1-g8b1a95d (webtiles) character file.

235 Ijustatesigmund the Sneak (level 6, -1/44 HPs)
             Began as an Octopode Assassin on Sept 23, 2017.
             Slain by an orc
             ... wielding a +0 dagger
              (2 damage)
             ... on level 4 of the Dungeon.
             The game lasted 00:04:23 (2700 turns).

Ijustatesigmund the Sneak (Octopode Assassin)       Turns: 2700, Time: 00:04:23

Health: -1/44      AC:  1    Str: 16    XL:     6   Next: 5%
Magic:  6/6        EV: 13    Int: 13    God:
Gold:   78         SH:  0    Dex: 15    Spells: 5/5 levels left

rFire    . . .     SeeInvis .   a - +2 dagger
rCold    . . .     Gourm    .   (no shield)
rNeg     . . .     Faith    .   (helmet restricted)
rPois    +         Spirit   .   (no amulet)
rElec    .         Reflect  .   o - ring of poison resistance
rCorr    .         Harm     .   (no ring)
MR       .....                  (no ring)
Stlth    ++++......             (no ring)
Regen    0.2/turn               (no ring)
MPRegen  0.1/turn               (no ring)
                                (no ring)
                                (no ring)

@: mighty
A: almost no armour, stealthy swim, amphibious, 8 rings, constrict 8, camouflage
1, gelatinous body 1
a: no special abilities


You were on level 4 of the Dungeon.
You were not hungry.

You visited 1 branch of the dungeon, and saw 4 of its levels.

You collected 78 gold pieces.

Inventory:

Hand Weapons
 a - a +2 dagger (weapon)
 b - a +0 blowgun
Missiles
 c - 22 poisoned needles
 p - a curare-tipped needle
Jewellery
 o - a ring of poison resistance (left tentacle)
Scrolls
 e - a scroll of teleportation
 l - a scroll of enchant armour {unknown}
 m - a scroll of remove curse {unknown}
 n - a scroll of fear {unknown}
Potions
 g - 2 potions of agility
 i - 2 potions of curing
 j - a potion of might
Comestibles
 d - 4 chunks of flesh
 f - 2 bread rations
 h - 15 fruits
 k - 3 meat rations


   Skills:
 + Level 4.6 Fighting
 + Level 4.3 Short Blades
 - Level 2.0 Throwing
 - Level 1.0 Dodging
 - Level 5.3 Stealth


You had 5 spell levels left.
You didn't know any spells.

Dungeon Overview and Level Annotations

Branches:
Dungeon (4/15)
 Temple: D:4-7

Altars:
Trog
Xom


Innate Abilities, Weirdness & Mutations

You cannot wear most types of armour.
You are very stealthy in the water. (Stealth+)
You are amphibious.
You can wear up to eight rings at the same time.
You can use your tentacles to constrict eight enemies at once.
Your skin changes colour to match your surroundings (Stealth+).
Your rubbery body absorbs attacks. (AC +1, EV +1)


Message History

* * * LOW HITPOINT WARNING * * *
You hit the orc priest. Your grab misses the orc priest.
Your squeeze misses the orc priest.
The orc priest is moderately wounded.
The orc hits you with a dagger.
* * * LOW HITPOINT WARNING * * *
The orc misses you. The orc priest hits you with a flail!
* * * LOW HITPOINT WARNING * * *
You feel better. The orc hits you with a dagger.
* * * LOW HITPOINT WARNING * * *
A centaur comes into view.
The centaur shouts!
You hit the orc priest but do no damage.
You grab the orc priest.
The orc priest is lightly wounded.
You constrict the orc priest. The orc closely misses you.
The orc priest hits you with a flail!
* * * LOW HITPOINT WARNING * * *
The orc hits you with a dagger.
You die...

....# ....#
#c..######
#...#.....
#......$..
#.o.......
#oo)...... ####
#o@....... ##..##
#....?....
##....###.........
##......##..#......
#
#.......##..#......
##
#........#..##.....
.## #...........#
..... .)##
#...........# #....
...# #...........#
....


You could see a centaur, an orc priest, an orc wizard and 2 orcs.

Vanquished Creatures
  3 orc priests
  3 gnolls (D:4)
  5 adders
  4 worms
  A dart slug (D:3)
  2 leopard geckos (D:2)
  2 orcs
  4 bats
  3 giant cockroaches
  6 goblins
  4 hobgoblins
  4 jackals (D:2)
  4 quokkas
  4 frilled lizards
  5 kobolds
  6 rats
60 creatures vanquished.

Notes
Turn   | Place    | Note
-------+----------+-------------------------------------------
     0 | D:1      | Ijustatesigmund the Octopode Assassin began the quest for the Orb.
     0 | D:1      | Reached XP level 1. HP: 14/14 MP: 1/1
   267 | D:1      | Reached XP level 2. HP: 18/20 MP: 2/2
   825 | D:2      | Found a shimmering altar of Xom.
   893 | D:2      | Reached XP level 3. HP: 25/25 MP: 3/3
  1010 | D:2      | Found a bloodstained altar of Trog.
  1659 | D:3      | Reached XP level 4. HP: 31/31 MP: 4/4
  1805 | D:3      | Reached XP level 5. HP: 31/37 MP: 5/5
  2697 | D:4      | Reached XP level 6. HP: 20/44 MP: 6/6
  2700 | D:4      | HP: 1/44 [orc priest/flail (9)]
  2700 | D:4      | Slain by an orc

Skill      XL: |  1  2  3  4  5 |
---------------+----------------+-----
Fighting       | 3 4 |  4.6
Short Blades   | 3 4 |  4.3
Throwing       | |  2.0
Dodging        | |  1.0
Stealth        | |  5.3

Action                   |  1- 3 |  4- 6 || total
-------------------------+-------+-------++-------
Melee: Dagger            |    54 |    68 ||   122
       Constrict         |    10 |    17 ||    27
       Tentacles         |     6 |     8 ||    14
 Fire: Blowgun           |       |     8 ||     8
  Use: Scroll            |     5 |       ||     5
       Potion            |       |     2 ||     2
 Stab: Sleeping          |    17 |     6 ||    23
       Distracted        |     1 |       ||     1
  Eat: Chunk             |     2 |     3 ||     5
Armor: Skin              |     3 |     5 ||     8
Dodge: Dodged            |    22 |    39 ||    61
